woodfighter, chaotic female elven Rogue --------------- ----------- |.......M@iWWi| |.........| |....`..|`ZW`.| |.........| |.`..----.`N`.| |.........| |---......%.G.| |....<....| |..`..`.|`.``.| |.........| |.`.....|.....| |.........| |...``--------- |.........| |.`....`.| |.........| |.`......------------------+| ----..>....^^^^^^^^^^^^^^^^.| -------------------------- woodfighter the Rogue Experience level: 8 Strength: 25 Dexterity: 13 Constitution: 14 Intelligence: 13 Wisdom: 10 Charisma: 9 Health: 0(55) Energy: 45(45) Def: 4 Gold: 114 Moves: 4946 Dungeon seed: FIQtuE34ao2XfNUh Game ID: woodfighter_1515694066 Your Inventory: Coins $ - 114 gold pieces Weapons a - a +0 elven short sword (weapon in hand) b - 10 +0 elven daggers (in quiver) Armor e - an uncursed +1 leather armor (being worn) n - an uncursed rusty +0 pair of gauntlets of power (being worn) z - an uncursed +0 pair of elven boots (being worn) S - an uncursed +0 mummy wrapping (being worn) Comestibles h - 2 uncursed pears i - 7 uncursed food rations p - 2 uncursed fortune cookies r - an uncursed eucalyptus leaf F - 2 uncursed sprigs of wolfsbane G - an uncursed tripe ration I - an uncursed carrot J - 2 uncursed magic beans U - an uncursed pancake V - an uncursed clove of garlic Z - an uncursed lizard corpse Rings X - an uncursed ring of poison resistance (on left hand) Wands f - a wand of striking (0:4) v - a wand of enlightenment (0:10) T - a wand of sleep (0:3) Tools g - an uncursed blindfold s - an uncursed bag of holding y - an uncursed lock pick Contents of the bag of holding: a cursed [-1] ring of adornment a blessed +2 ring of gain constitution a [blessed] [+2] ring of gain constitution a cursed ring of polymorph control an uncursed ring of protection from shape changers an uncursed [+0] pick-axe Spells and supernatural/magical abilities: Name Level Category Fail Memory W - pray for help -- divine ? -- Your skills at the end: Miscellaneous Skills wands [Basic] Weapon Skills dagger [Basic] short sword [Basic] Spellcasting Skills Final Attributes: You were piously aligned. You were sleep resistant. You were poison resistant. Your writing hand was ok. You were telepathic. You had infravision. You were very stealthy. You are dead. Vanquished creatures: a queen bee a warg a small mimic a tengu an elf mummy 2 leather golems a giant beetle 2 winter wolf cubs 2 leprechauns a lizard a vampire bat a yeti a gold golem a chickatrice a jaguar a blue jelly 2 yellow lights an imp a rock mole a rock piercer a fog cloud a kobold mummy a gray ooze an elf zombie a straw golem 3 puppies 2 floating eyes 3 kittens a dwarf 2 homunculi a kobold shaman 5 iguanas 4 rothes a rabid rat a wererat 19 killer bees 4 acid blobs a large kobold 6 geckos 2 hobgoblins 2 brown molds a yellow mold a green mold 2 manes 7 jackals a fox 11 newts a sewer rat 8 grid bugs 2 bats a lichen a kobold zombie 122 creatures vanquished. Voluntary challenges: You did not cause conflict. You were not invisible. You did not have reflection. You were not displaced. You used a wielded weapon 139 times, starting on turn 127. You did not apply a unicorn horn. You did not use plumbed fixtures. You did not drink any magical draughts. You read items or engraved 1 time, starting on turn 3880. You never genocided any monsters. You never polymorphed an object. You never changed form. You used no wishes. You never split a pudding. You never wrote Elbereth's name. You never violated your personal moral code. Dungeon overview: The Dungeons of Doom: levels 1 to 11 Level 1 an altar to Mog a long staircase Level 2 some fountains, a sink Level 3 Level 4 a fountain stairs to The Gnomish Mines Level 5 Level 6 some fountains Level 7 Level 8 Level 9 many fountains Level 10 a sink stairs to Sokoban Level 11 The Gnomish Mines: Level 5 stairs to The Dungeons of Doom Sokoban: levels 7 to 9 Level 7 <- You were here Level 8 Level 9 an altar to Moloch, a magic chest stairs to The Dungeons of Doom History has recorded: On T:1 you entered the Dungeons of Doom to retrieve the Amulet of Yendor! On T:198 you reached level 2 of The Dungeons of Doom. On T:589 you reached level 3 of The Dungeons of Doom. On T:655 you advanced to experience level 2. On T:836 you reached level 4 of The Dungeons of Doom. On T:857 you advanced to experience level 3. On T:1104 you reached level 1 of The Gnomish Mines. On T:1246 you reached level 5 of The Dungeons of Doom. On T:1444 you reached level 6 of The Dungeons of Doom. On T:1450 you advanced to experience level 4. On T:1782 you reached level 7 of The Dungeons of Doom. On T:1882 you advanced to experience level 5. On T:2056 you advanced to experience level 6. On T:2125 you reached level 8 of The Dungeons of Doom. On T:2678 you reached level 9 of The Dungeons of Doom. On T:2717 you advanced to experience level 7. On T:3019 you reached level 10 of The Dungeons of Doom. On T:3026 you prayed to Kos. On T:3106 you reached level 4 of Sokoban. On T:3146 you reached level 11 of The Dungeons of Doom. On T:3160 you advanced to experience level 8. On T:3878 you opened a magic chest. On T:4165 you reached level 3 of Sokoban. On T:4888 you reached level 2 of Sokoban. Score breakdown: Gold: 114 ( 11 points) Experience: 8 levels ( 700 points) Exploration: 11 levels ( 300 points) Discoveries: 12 items ( 600 points) Variety of kills: 52 monsters ( 2000 points) Major goal: (nothing yet) ( 0 points) Survival: died (score multiplied by 3) Total score: 10833 Latest messages: i - an uncursed food ration. You throw 2 elven daggers. The 1st elven dagger hits the leprechaun! The 2nd elven dagger hits the leprechaun! The leprechaun zaps a runed wand! You destroy the manes! The leprechaun zaps a wand of create monster! You destroy the manes! The leprechaun zaps a wand of create monster! (2x) You stab the giant beetle! The tengu pecks! The leprechaun zaps a wand of create monster! You stab the giant beetle! The tengu pecks! The giant beetle bites! The leprechaun zaps a wand of create monster! You kill the giant beetle! The tengu pecks! The leprechaun zaps a wand of create monster! You kill the iguana! The tengu pecks! The leprechaun zaps a wand of create monster! (2x) You stab the kobold mummy! The kobold mummy scratches you! The tengu pecks! You die... Final status: Goodbye woodfighter the Rogue, killed by a tengu... You died in Sokoban on dungeon level 7 with 10833 points, and 114 pieces of gold, after 4946 moves. You were level 8 with a maximum of 55 hit points when you died.